 Dungeon Crawl Stone Soup version 0.26.0-10-g1f06aea511 (webtiles) character file.

Game seed: 5654683743429135930

37400 inc the Spry (level 13, -13/63 HPs)
             Began as a Felid Enchanter on Jan 31, 2021.
             Was a High Priest of Dithmenos.
             Killed from afar by a will-o-the-wisp (24 damage)
             ... with a foxfire
             ... on level 1 of the Swamp.
             The game lasted 01:34:21 (41669 turns).

inc the Spry (Felid Enchanter)                     Turns: 41669, Time: 01:34:22

Health: -13/63     AC:  3    Str:  9    XL:     13   Next: 58%
Magic:  21/21      EV: 38    Int: 17    God:    Dithmenos [*****.]
Gold:   2836       SH:  0    Dex: 35    Spells: 4/16 levels left
                                        Lives:  0   Deaths: 4

rFire    . . .     SeeInvis +     - Unarmed
rCold    + + .     Faith    .   (shield unavailable)
rNeg     . . .     Spirit   .   (armour unavailable)
rPois    .         Reflect  .   (helmet unavailable)
rElec    .         Harm     .   (cloak unavailable)
rCorr    .         Rampage  .   (gloves unavailable)
Will     +....                  (boots unavailable) Stlth **++++++++
                                Q - amulet of the acrobat
HPRegen  0.20/turn              K - +6 ring of dexterity
MPRegen  0.17/turn              Y - ring "Cunkuv" {rC+ Str+5 Dex+6}

@: wreathed by umbra, quick
A: very small, no armour, no weapons or thrown items, stealth, claws 1, fangs 3,
see invisible, speed 1, shaggy fur 3, sharp paws
a: Renounce Religion, Shadow Step, Shadow Form


You were on level 1 of the Swamp.
You worshipped Dithmenos.
Dithmenos was extremely pleased with you.
You visited 7 branches of the dungeon, and saw 27 of its levels.

You collected 2862 gold pieces.
You spent 26 gold pieces at shops.

Inventory:

Jewellery
 g - an uncursed ring of fire
 j - an uncursed ring of ice
 o - a +6 ring of strength
 r - a +4 ring of evasion
 s - an uncursed amulet of guardian spirit
 u - a +6 ring of dexterity
 w - an uncursed amulet of reflection
 y - an uncursed ring of ice
 D - an uncursed ring of ice
 F - the ring of Migaevau {rC+ SInv}
   (You found it on level 14 of the Dungeon)

   [ring of see invisible]

   It protects you from cold.
   It lets you see invisible.
 K - a +6 ring of dexterity (left paw)
 P - the ring "Nirchabb" {*Corrode rElec Str+3 Int+3 Dex+6}
   (You found it on level 2 of the Lair of Beasts)

   [ring of dexterity]

   It affects your strength (+3).
   It affects your intelligence (+3).
   It affects your dexterity (+6).
   It insulates you from electricity.
   It may corrode you when you take damage.
 Q - an amulet of the acrobat (around neck)
 R - an uncursed amulet of the acrobat
 T - an uncursed ring of fire
 Y - the ring "Cunkuv" (right paw) {rC+ Str+5 Dex+6}
   (You found it on level 6 of the Lair of Beasts)

   [ring of dexterity]

   It affects your strength (+5).
   It affects your dexterity (+6).
   It protects you from cold.
Wands
 i - a wand of iceblast (7)
 q - a wand of random effects (105)
 B - a wand of paralysis (24)
 I - a wand of polymorph (8)
 Z - a wand of enslavement (11)
Scrolls
 c - 12 scrolls of remove curse
 d - 4 scrolls of immolation
 f - 5 scrolls of teleportation
 h - 2 scrolls of blinking {unknown}
 l - 2 scrolls of fog {unknown}
 p - 3 scrolls of vulnerability {unknown}
 E - 4 scrolls of enchant armour {unknown}
 H - 3 scrolls of magic mapping
 J - a scroll of fear
 M - 2 scrolls of amnesia {unknown}
 O - a scroll of summoning
 U - a scroll of brand weapon
 V - a scroll of noise {unknown}
 W - a scroll of torment
 X - a scroll of identify
Potions
 a - 11 potions of curing
 b - 3 potions of brilliance
 e - a potion of heal wounds
 k - 5 potions of resistance
 m - 2 potions of magic
 n - 4 potions of lignification
 t - a potion of cancellation
 z - a potion of haste
 A - 2 potions of invisibility
 C - a potion of flight
 N - 4 potions of attraction
 S - 6 potions of mutation
Miscellaneous
 v - a lightning rod (inert) (quivered)
 x - a phial of floods (inert)
 G - a box of beasts (inert)
 L - a condenser vane


   Skills:
 - Level 10.8 Fighting
 - Level 15.7 Dodging
 - Level 13.7 Stealth
 - Level 9.9 Unarmed Combat
 - Level 2.0 Spellcasting
 - Level 5.9 Conjurations
 - Level 15.4 Hexes
 + Level 9.3 Translocations
 - Level 5.2 Ice Magic
 - Level 9.9 Invocations
 - Level 10.9 Evocations


You had 4 spell levels left.
You knew the following spells:

 Your Spells              Type           Power        Failure   Level
a - Corona                Hex            57%          1%          1
b - Ensorcelled Hibernat  Hex/Ice        72%          1%          2
c - Confusing Touch       Hex            52%          1%          3
d - Dazzling Flash        Conj/Hex       76%          1%          3
e - Gell's Gravitas       Tloc           16%          1%          3

Your spell library contained the following spells:

 Spells                   Type           Power        Failure   Level
 Apportation              Tloc           66%          1%          1
 Lesser Beckoning         Tloc           16%          1%          3
 Tukima's Dance           Hex            52%          1%          3
 Summon Guardian Golem    Hex/Summ       27%          2%          3
 Shock                    Conj/Air       44%          6%          1
 Static Discharge         Conj/Air       11%          17%         3
 Animate Skeleton         Necr           2%           19%         1
 Pain                     Necr           4%           19%         1
 Summon Small Mammal      Summ           4%           19%         1
 Call Imp                 Summ           1%           28%         2
 Swiftness                Air            1%           28%         2
 Call Canine Familiar     Summ           1%           50%         3
 Vampiric Draining        Necr           0%           50%         3
 Summon Ice Beast         Ice/Summ       10%          54%         4
 Airstrike                Air            0%           88%         4
 Animate Dead             Necr           0%           88%         4
 Summon Lightning Spire   Summ/Air       1%           88%         4
 Invisibility             Hex            52%          5%          6
 Dispersal                Tloc           16%          54%         6
 Lightning Bolt           Conj/Air       5%           85%         5
 Agony                    Necr           1%           99%         5
 Alistair's Intoxication  Tmut/Pois      0%           99%         5
 Disjunction              Tloc           16%          100%        8
 Portal Projectile        Hex/Tloc       Unusable     N/A         3

Dungeon Overview and Level Annotations

Branches:
Dungeon (15/15)            Temple (0/1) D:5            Lair (6/6) D:10
  Swamp (1/4) Lair:2       Spider (1/4) Lair:3          Orc (2/2) D:9
    Elf (1/3) Orc:2        Vaults (0/5) D:13         Depths (1/5) D:15
  Slime: Lair:5-6

Altars:
Dithmenos
Elyvilon
Hepliaklqana
Makhleb
Nemelex Xobeh
Ru
Vehumet
The Shining One

Shops:
D:8 (   D:11 !   D:12 *   Orc:2 ((((

Portals:
Hell: Depths:1

Annotations:
D:5 Pikel
Lair:6 exclusion: 5 oklob plants


Innate Abilities, Weirdness & Mutations

You cannot wear armour.
You are incapable of wielding weapons or throwing items.
Your paws allow you to move quietly. (Stealth)
You have sharp claws.
You have razor-sharp teeth.
You have supernaturally acute eyesight. (SInv)
You cover ground quickly.
Your thick and shaggy fur keeps you warm. (AC +3, rC+)
Your sharp claws are effective at attacking unaware monsters.


Message History

You emit a cloud of dark smoke.
The will-o-the-wisp completely misses you.
Unknown command.
Evoke which item? (* to show all) (? for menu, Esc to quit)
Aim the phial where?
Press: ? - help, Shift-Dir - straight line, f - will-o-the-wisp
Aim: a will-o-the-wisp (lightly damaged, umbra)
The torrent of water misses the will-o-the-wisp.
The wave splashes down.
You hear a shout! x3; You hear a deafening roar!
You hear a shout!
You hear a hideous shriek!
The will-o-the-wisp gestures.
The will-o-the-wisp conjures some foxfire!
A tyrant leech comes into view. 2 foxfires come into view.
Press: ? - help, v - describe, . - travel
Here: a will-o-the-wisp (lightly damaged, umbra) Some shallow water.
The foxfire hits you!!
You die...

≈...≈≈≈≈≈. ..≈≈≈≈≈≈≈.
w.≈≈≈≈≈≈. ≈≈≈≈≈≈§≈≈≈
≈≈≈≈≈≈.≈≈.♣♣
≈≈......≈≈≈≈♣♣
≈≈≈≈≈..≈≈≈≈§≈♣♣♣
≈w≈...≈≈≈§§v§≈§♣
♣...≈≈≈≈≈§@§v.♣♣
♣..≈≈≈.≈§§≈v≈.♣
♣≈..≈≈..≈≈§≈§.♣
♣♣♣≈...§..≈≈≈≈..♣♣♣
...≈.≈≈..≈≈§≈♣♣.≈♣
..≈.≈≈.♣..≈≈♣♣♣§♣♣♣ ≈
♣♣≈...≈♣.≈≈§§♣♣...♣
≈.♣.♣♣♣...§♣.≈≈≈.♣♣.≈.♣
≈.≈.. ♣♣...♣≈.≈≈♣♣♣♣♣§♣


You could see a tyrant leech and a will-o-the-wisp.

Vanquished Creatures
  A lich (D:14)
  Rupert (D:14)
  A storm dragon (D:12)
  Agnes (D:14)
  A tengu reaver (Depths:1)
  2 deep elf sorcerers (D:14)
  A frost giant (D:14)
  A stone giant (Orc:2)
  An entropy weaver (Lair:3)
  Snorg (D:14)
  3 jiangshi (Depths:1)
  A yaktaur captain (D:12)
  5 boulder beetles
  Erolcha (Orc:1)
  An ice dragon (D:14)
  Erica (Orc:1)
  4 vault guards (D:13)
  5 hydras
  3 two-headed ogres
  A dancing weapon (D:12)
  5 centaur warriors
  8 death yaks
  2 tengu warriors (D:14)
  A vampire mage (D:15)
  Nergalle (Lair:2)
  A titan skeleton (D:15)
  Sonja (D:10)
  3 skeletal warriors
  A flayed ghost (D:14)
  A wizard (D:12)
  A goliath frog (Swamp:1)
  2 bog bodies (Lair:2)
  A phantasmal warrior (D:14)
  A harpy (D:14)
  A necromancer (D:15)
  5 orc knights
  7 ugly things
  A wolf spider zombie (D:14)
  An orc sorcerer (Orc:1)
  2 deep elf magi
  5 cyclopes
  2 wolf spiders
  4 elephants (Lair:5)
  3 manticores
  5 black mambas
  A frost giant skeleton (D:15)
  A spriggan zombie (D:15)
  Joseph (D:10)
  4 gargoyles
  Maurice (Orc:1)
  26 cane toads
  A spriggan skeleton (D:15)
  9 komodo dragons
  A kobold demonologist (D:13)
  2 rime drakes
  A jumping spider (Spider:1)
  A tengu conjurer (Depths:1)
  A jumping spider (shapeshifter) (D:14)
  8 trolls
  6 polar bears
  4 tyrant leeches (Lair:6)
  8 slime creatures
  A blink frog (shapeshifter) (D:13)
  11 dream sheep
  21 blink frogs
  A centaur simulacrum (D:14)
  A meliai zombie (D:13)
  Sigmund (D:5)
  9 wyverns
  5 shadows
  5 redbacks (Spider:1)
  A tarantella (Spider:1)
  2 wraiths
  2 vampires
  3 basilisks
  30 yaks
  8 vampire mosquitoes
  A steam dragon (D:10)
  2 swamp worms (Swamp:1)
  2 wargs (Orc:1)
  12 water moccasins
  An acid dragon (D:14)
  A soldier ant (D:10)
  27 orc warriors
  5 ice beasts
  8 sky beasts
  A phantom (D:9)
  12 ogres
  2 eyes of draining
  24 wolves
  3 boggarts (Depths:1)
  2 lemures
  15 centaurs
  2 big kobolds
  Blork the orc (D:5)
  19 bullfrogs
  A gnoll sergeant (Orc:1)
  3 wyvern zombies
  3 wyvern skeletons
  3 scorpions
  2 electric eels
  6 howler monkeys
  5 centaur zombies
  4 bullfrog zombies
  7 hounds
  5 jellies
  9 orc priests
  2 gnoll shamans
  2 bullfrog skeletons
  6 centaur skeletons
  10 iguanas
  15 orc wizards
  20 worker ants
  2 howler monkey zombies
  12 gnolls
  10 adders
  A howler monkey skeleton (D:8)
  2 shadow imps
  3 white imps
  A worker ant simulacrum (D:10)
  4 ufetubi
  2 adder zombies
  2 adder skeletons
  4 worms
  An adder simulacrum (D:10)
  A dart slug (D:3)
  9 leopard geckos
  67 orcs
  3 ball pythons
  4 giant cockroaches
  8 hobgoblins
  12 jackals
  16 kobolds
  6 quokkas
  8 bats
  10 frilled lizards
  6 goblins
  2 goblin skeletons (D:7)
  2 goblin zombies (D:7)
  A hobgoblin zombie (D:7)
  2 kobold skeletons (D:7)
  2 kobold zombies (D:7)
  A leopard gecko skeleton (D:7)
  An orc skeleton (D:7)
  2 orc zombies (D:7)
  8 rats
736 creatures vanquished.

Vanquished Creatures (others)
  A centaur warrior (Orc:2)
  An ogre mage (D:12)
  A shadow (D:14)
  An orc warrior (Orc:2)
  A centaur (Orc:2)
  2 orcs (Orc:2)
  14 foxfires (Swamp:1)
  32 fungi
  135 plants
  2 withered plants (D:15)
190 creatures vanquished.

Grand Total: 926 creatures vanquished

Notes
Turn   | Place    | Note
-------+----------+-------------------------------------------
     0 | D:1      | inc the Felid Enchanter began the quest for the Orb.
     0 | D:1      | Reached XP level 1. HP: 7/7 MP: 4/4
   255 | D:1      | You fall into a shaft and drop 1 floor!
   576 | D:2      | Reached XP level 2. HP: 11/11 MP: 6/6
  1087 | D:1      | Reached XP level 3. HP: 14/14 MP: 7/7
  1601 | D:1      | Learned a level 2 spell: Ensorcelled Hibernation
  1605 | D:1      | Learned a level 3 spell: Confusing Touch
  2332 | D:3      | Reached XP level 4. HP: 18/18 MP: 5/8
  2405 | D:3      | Found a sacrificial altar of Ru.
  2552 | D:3      | Reached skill level 5 in Hexes
  3048 | D:3      | Reached skill level 1 in Ice Magic
  3197 | D:3      | Reached XP level 5. HP: 14/21 MP: 1/9
  4929 | D:4      | Gained mutation: You are covered in thick fur. (AC +2)
                  | [Felid growth]
  4929 | D:4      | Reached XP level 6. HP: 24/24 MP: 7/10
  5803 | D:5      | Entered Level 5 of the Dungeon
  6446 | D:4      | Reached XP level 7. HP: 27/27 MP: 8/11
  6577 | D:5      | Noticed Blork the orc
  6589 | D:5      | Killed Blork the orc
  6590 | D:5      | Reached skill level 10 in Hexes
  6690 | D:5      | Found a hazy altar of Hepliaklqana.
  7151 | D:5      | Noticed Pikel
  7442 | D:5      | Found a staircase to the Ecumenical Temple.
  7627 | D:5      | Noticed Sigmund
  7638 | D:5      | Killed Sigmund
  7639 | D:5      | Reached XP level 8. HP: 17/31 MP: 5/12
  8323 | D:6      | Found a sparkling altar of Nemelex Xobeh.
  8595 | D:6      | Found a shadowy altar of Dithmenos.
  8604 | D:6      | Found a burning altar of Makhleb.
  8635 | D:6      | Became a worshipper of Dithmenos the Shadowed
  8911 | D:6      | Slain by a hornet zombie
  8912 | D:6      | Reached XP level 7. HP: -2/27 MP: 9/11
  9195 | D:6      | Reached skill level 5 in Dodging
  9195 | D:6      | Reached skill level 5 in Unarmed Combat
  9851 | D:7      | Found a glowing golden altar of the Shining One.
 10124 | D:7      | Reached * piety under Dithmenos
 10198 | D:7      | Reached XP level 8. HP: 24/31 MP: 12/12
 11713 | D:8      | Found a sparkling altar of Nemelex Xobeh.
 11910 | D:8      | Found Eferchui's Weapon Emporium.
 12168 | D:9      | Found a white marble altar of Elyvilon.
 12204 | D:9      | Noticed a troll
 12220 | D:9      | Killed a troll
 12803 | D:9      | Reached XP level 9. HP: 34/34 MP: 7/13
 12901 | D:10     | Entered Level 10 of the Dungeon
 12991 | D:9      | Reached skill level 1 in Fighting
 13083 | D:9      | Reached ** piety under Dithmenos
 13853 | D:9      | Found a staircase to the Orcish Mines.
 14066 | D:10     | Noticed Sonja
 14158 | D:10     | Noticed a polar bear
 14333 | D:10     | Noticed a gargoyle
 14344 | D:10     | Noticed a troll
 14349 | D:10     | Killed a gargoyle
 14350 | D:10     | Reached skill level 5 in Fighting
 14353 | D:10     | Killed a troll
 15026 | D:10     | Killed a polar bear
 15038 | D:10     | Reached XP level 10. HP: 29/48 MP: 14/14
 15349 | D:10     | Killed Sonja
 15830 | D:10     | Noticed Joseph
 15839 | D:10     | Killed Joseph
 15840 | D:10     | Reached skill level 10 in Fighting
 16033 | D:10     | Found a staircase to the Lair.
 16153 | D:10     | Noticed a death yak
 16190 | D:10     | Killed a death yak
 16365 | D:11     | Reached *** piety under Dithmenos
 16472 | D:11     | Found Tuesamp's Distillery.
 16478 | D:11     | Reached XP level 11. HP: 55/55 MP: 9/15
 16585 | D:11     | Found a radiant altar of Vehumet.
 16596 | D:11     | Reached skill level 10 in Dodging
 17675 | D:12     | Noticed a boulder beetle
 17699 | D:12     | Reached skill level 5 in Stealth
 17882 | D:12     | Noticed a purple ugly thing
 17977 | Lair:1   | Entered Level 1 of the Lair of Beasts
 18472 | Lair:1   | Reached skill level 10 in Stealth
 18614 | Lair:1   | Found a gate leading to a gauntlet.
 18837 | Lair:2   | Reached **** piety under Dithmenos
 18865 | Lair:2   | Got a transparent pewter ring
 19235 | Lair:2   | Found a staircase to the Swamp.
 19235 | Lair:2   | Noticed a bog body
 19235 | Lair:2   | Noticed a bog body
 19564 | Lair:3   | Found a hole to the Spider Nest.
 19564 | Lair:3   | Noticed a wolf spider
 19574 | Lair:3   | Killed a wolf spider
 19745 | Lair:3   | Noticed a six-headed hydra
 19750 | Lair:3   | Killed a six-headed hydra
 19778 | Lair:3   | Noticed an eight-headed hydra
 19791 | Lair:3   | Gained mutation: Your thick and shaggy fur keeps you warm.
                  | (AC +3, rC+) [Felid growth]
 19791 | Lair:3   | Reached XP level 12. HP: 53/59 MP: 9/16
 20073 | Lair:2   | Noticed Nergalle
 20078 | Lair:2   | Killed Nergalle
 21018 | Lair:3   | Killed an eight-headed hydra
 21729 | Lair:3   | Noticed a boulder beetle
 21761 | Lair:3   | Killed a boulder beetle
 21762 | Lair:3   | Reached skill level 15 in Dodging
 22289 | Lair:4   | Noticed a boulder beetle
 22292 | Lair:4   | Reached skill level 1 in Invocations
 22292 | Lair:4   | Reached skill level 1 in Evocations
 22292 | Lair:4   | Noticed a four-headed hydra
 22303 | Lair:4   | Killed a boulder beetle
 22381 | Lair:4   | Noticed a death yak
 22399 | Lair:4   | Noticed a death yak
 22399 | Lair:4   | Noticed a death yak
 22400 | Lair:4   | Noticed a death yak
 22411 | Lair:4   | Killed a four-headed hydra
 22798 | Lair:2   | Learned a level 3 spell: Dazzling Flash
 22869 | Lair:3   | Killed a death yak
 22870 | Lair:3   | Reached skill level 1 in Conjurations
 23074 | Lair:3   | Reached XP level 13. HP: 63/63 MP: 8/17
 24064 | Lair:5   | Identified the ring "Nirchabb" {*Corrode rElec Str+3 Int+3
                  | Dex+6} (You found it on level 2 of the Lair of Beasts)
 24262 | Lair:5   | Reached ***** piety under Dithmenos
 24537 | Lair:5   | Reached skill level 5 in Conjurations
 24984 | Lair:6   | Entered Level 6 of the Lair of Beasts
 26105 | Lair:6   | Reached skill level 15 in Hexes
 27209 | Lair:6   | Reached XP level 14. HP: 38/66 MP: 6/18
 27213 | Lair:6   | Got a clouded bone ring
 27255 | Lair:6   | Identified the ring "Cunkuv" {rC+ Str+5 Dex+6} (You found
                  | it on level 6 of the Lair of Beasts)
 28057 | Orc:1    | Entered Level 1 of the Orcish Mines
 28074 | Orc:1    | Noticed Erolcha
 28108 | Orc:1    | Noticed Maurice
 28122 | Orc:1    | Killed Maurice
 28384 | Orc:1    | Killed Erolcha
 28669 | Orc:2    | Entered Level 2 of the Orcish Mines
 28689 | Orc:2    | Reached skill level 5 in Invocations
 28696 | Orc:2    | Found a staircase to the Elven Halls.
 28712 | Orc:2    | Noticed a stone giant
 28721 | Orc:2    | Killed a stone giant
 28878 | Orc:2    | Found a dark tunnel.
 30279 | Orc:2    | Found Hedashel's Weapon Boutique.
 30279 | Orc:2    | Found Pesaeroazo's Antique Weapon Shoppe.
 30281 | Orc:2    | Found Piuwuf's Antique Weapon Emporium.
 30283 | Orc:2    | Found Vemuc's Weapon Shop.
 31087 | Orc:1    | Noticed Erica
 31331 | Orc:1    | Killed Erica
 31983 | D:12     | Identified a scroll of acquirement
 32099 | D:12     | Found Agovoash's General Store.
 32113 | D:12     | Bought a scroll of identify for 26 gold pieces
 32431 | D:12     | Found a runed translucent door.
 32432 | D:12     | Noticed a storm dragon
 32437 | D:12     | Killed a storm dragon
 32471 | D:12     | Slain by a +2 hand axe of electrocution
 32472 | D:12     | Reached XP level 13. HP: -2/63 MP: 21/21
 33324 | D:13     | Found a gate to the Vaults.
 33459 | D:13     | Reached skill level 5 in Evocations
 33861 | D:13     | Reached XP level 14. HP: 54/66 MP: 19/22
 33867 | D:13     | Reached ****** piety under Dithmenos
 34389 | D:14     | Noticed Rupert
 34452 | D:14     | Killed Rupert
 34754 | D:14     | Noticed a deep elf sorcerer
 34756 | D:14     | Killed a deep elf sorcerer
 34757 | D:14     | Noticed a lich
 34761 | D:14     | Noticed a deep elf sorcerer
 34765 | D:14     | Killed a lich
 34773 | D:14     | Killed a deep elf sorcerer
 34783 | D:14     | Got a faintly glowing silver ring
 34807 | D:14     | Reached skill level 10 in Evocations
 34815 | D:14     | Noticed Snorg
 36009 | D:14     | Noticed a frost giant
 36123 | D:14     | Noticed Agnes
 36433 | D:15     | Entered Level 15 of the Dungeon
 36664 | D:14     | Reached skill level 5 in Ice Magic
 37378 | Swamp:1  | Entered Level 1 of the Swamp
 38031 | Spider:1 | Entered Level 1 of the Spider Nest
 38035 | Spider:1 | Reached XP level 15. HP: 70/70 MP: 23/23
 39150 | Elf:1    | Entered Level 1 of the Elven Halls
 39154 | Orc:2    | Identified the ring of Migaevau {rC+ SInv} (You found it on
                  | level 14 of the Dungeon)
 39424 | D:15     | Found a staircase to the Depths.
 39539 | D:15     | Acquired a book of the Warp
 39550 | D:15     | Learned a level 3 spell: Gell's Gravitas
 39664 | D:15     | Reached skill level 1 in Translocations
 40066 | Depths:1 | Entered Level 1 of the Depths
 40225 | Depths:1 | Noticed a tengu reaver
 40229 | Depths:1 | Killed a tengu reaver
 40230 | Depths:1 | Reached skill level 5 in Translocations
 40237 | Depths:1 | Paralysed by a great orb of eyes for 5 turns
 40248 | Depths:1 | Shot with a bolt by a yaktaur
 40249 | Depths:1 | Reached XP level 14. HP: -9/66 MP: 18/22
 40435 | Depths:1 | Found a gateway to Hell.
 40491 | Depths:1 | Noticed a vampire knight
 40647 | Depths:1 | Noticed a shadow dragon
 40661 | Depths:1 | Noticed a fire giant
 40716 | D:14     | Killed Snorg
 41182 | D:14     | Slain by a seven-headed hydra
 41183 | D:14     | Reached XP level 13. HP: -3/63 MP: 2/21
 41209 | D:14     | Killed a frost giant
 41290 | D:14     | Killed Agnes
 41669 | Swamp:1  | Killed from afar by a will-o-the-wisp

Illustrated notes

Levels and vault maps discovered:
D:1:      sevenhm_arrival_forest_fort_small_3, layout_rooms
D:2:      layout_loops_corners, minmay_lizard_king
D:3:      layout_rooms, nicolae_ru_sacrificial_ziggurat
D:4:      layout_loops_cross
D:5:      layout_loops_cross, lemuel_doored_altar,
          minmay_temple_entry_statues_fountains, serial_aquarium,
          aquarium_bridge_straight [aquarium_subvault_bridge,
          aquarium_subvault_wall, aquarium_subvault_bridge,
          aquarium_subvault_window], aquarium_window_corridor_1,
          aquarium_window_fake, aquarium_window_corner, aquarium_window_double,
          aquarium_view_2d, aquarium_view_4, minmay_misc_feat_hallway,
          amcnicky_mini_rare_corridor_liquid, uniq_sigmund, uniq_blork_the_orc,
          uniq_pikel
D:6:      layout_loops_ring, nemelex_xobeh_ov_fountains_minmay,
          grunt_temple_overflow_open, minmay_checkerbox
D:7:      layout_basic, nicolae_tso_besieged_by_evil
D:8:      layout_basic, serial_shops, kennysheep_little_box,
          nemelex_diamond_rough_becter
D:9:      layout_cave_pools, nicolae_overflow_crystal_walls, orc_0_dummy
D:10:     layout_stronghold, erik_lair_dragon, serial_ice, serial_ice_b,
          serial_ice_e, serial_ice_k, serial_ice_n, minmay_strange_pillars,
          uniq_sonja, uniq_joseph
D:11:     layout_small_grid, serial_shops, nicolae_shop_trees, basic_altar,
          minivault_24
D:12:     layout_rooms, serial_shops, nicolae_shop_statue_plus, minivault_13
D:13:     layout_gridville, lightli_vaults_fourway_checkpoint
D:14:     minmay_the_grid_4x2 [minmay_the_grid_tiny_cups,
          minmay_the_grid_all_tris, minmay_the_grid_dragon_a,
          minmay_the_grid_plusring, minmay_the_grid_tri_star,
          minmay_the_grid_mess, minmay_the_grid_embedded,
          minmay_the_grid_prize_inner_circle], layout_long_grid,
          minmay_crystal_water, minmay_evil_grid, uniq_rupert, uniq_agnes,
          uniq_snorg
D:15:     gammafunk_depths_entry_grave, layout_basic, serial_bayou_pond_e
Lair:1:   layout_small_grid, gauntlet_entry_generic, grunt_megastairs_4
Lair:2:   layout_gridlike, skrybe_swamp_entry_bodies, uniq_nergalle
Lair:3:   layout_chaotic_city, spider_nest_entry_rubble,
          chequers_serial_rivers_large_a, cheibrodos_lair_lostbears,
          serial_bayou_shore_a, grunt_megastairs_2
Lair:4:   layout_cave_shapes
Lair:5:   layout_long_grid, serial_bayou_pond_c
Lair:6:   minmay_lair_end_frog_pond, layout_regular_city,
          minmay_slime_entry_oklob_open, minivault_27
Swamp:1:  layout_basic_swamp, hangedman_swamp_diagram, hangedman_swamp_cone
Spider:1: layout_spider_delve, uniq_roxanne
Orc:1:    layout_caves, uniq_erolcha, uniq_erica, uniq_maurice
Orc:2:    st_orc_rangers, layout_caves, nicolae_volcano_entry_lava_flow,
          nicolae_orc_bridge_out
Elf:1:    elf_arrival_002, layout_geoelf_diagonals, minmay_elf_annihilation,
          hangedman_decor_cross_pass
Depths:1: layout_cave_shapes, chequers_serial_rivers_marsh,
          abyss_entry_small_statue_room, grunt_hell_entry_dis_grunt,
          minmay_misc_feat_more_columns, st_stairs_13, glass_columns_a,
          nicolae_water_bricks, kennysheep_generic_room_3, uniq_bai_suzhen

Skill      XL: |  1  2  3  4  5  6  7  8  9 10 11 12 13 14 15 |
---------------+----------------------------------------------+-----
Unarmed Combat | 2 3 5 7 8 9 |  9.9
Hexes          | 5 7 9 12 15 | 15.4
Ice Magic      | 1 2 5 |  5.2
Dodging        | 6 8 9 11 15 | 15.7
Fighting       | 7 10 | 10.8
Stealth        | 12 13 | 13.7
Invocations    | 2 9 |  9.9
Evocations     | 2 6 10 | 10.9
Conjurations   | 1 5 |  5.9
Translocations | 9 8 6 |  9.3
Spellcasting   | |  2.0

Action                   |  1- 3 |  4- 6 |  7- 9 | 10-12 | 13-15 || total
-------------------------+-------+-------+-------+-------+-------++-------
Melee: Unarmed           |   122 |   178 |   404 |   361 |   848 ||  1913
       Bite              |    11 |    17 |    50 |    52 |   118 ||   248
       Punch             |       |       |    11 |    13 |    60 ||    84
 Cast: Ensorcelled Hiber |     1 |    63 |   113 |   191 |   317 ||   685
       Confusing Touch   |       |     1 |    19 |    16 |    47 ||    83
       Dazzling Flash    |       |       |       |     4 |    58 ||    62
       Gell's Gravitas   |       |       |       |       |     2 ||     2
Invok: Shadow Step       |       |       |       |     1 |     5 ||     6
       Shadow Form       |       |       |       |       |     2 ||     2
Evoke: Lightning rod     |       |       |       |       |     6 ||     6
       Wand              |       |       |       |       |     8 ||     8
       Box of beasts     |       |       |       |       |     1 ||     1
       Phial of floods   |       |       |       |       |     1 ||     1
  Use: Scroll            |       |       |     8 |       |    28 ||    36
       Potion            |       |       |       |     1 |    12 ||    13
 Stab: Sleeping          |    17 |    50 |    77 |   116 |   253 ||   513
       Confused          |       |     1 |    18 |    22 |    59 ||   100
       Distracted        |       |       |       |     1 |     3 ||     4
       Invisible         |       |       |       |     1 |    73 ||    74
Armor: Skin              |    11 |    10 |    13 |     3 |    22 ||    59
Dodge: Dodged            |    86 |   132 |   351 |   412 |  1335 ||  2316
Block: Other             |       |       |    24 |    70 |     6 ||   100
       Reflection        |       |       |     1 |     1 |       ||     2
